Map: White Chamber

Players

DrFill

  • Race: Terran Terran
  • Spawn Location: 12:00

MacReady

  • Race: Protoss Protoss
  • League: Diamond
  • Spawn Location: 11:00

Crazyandy

  • Race: Zerg Zerg
  • Spawn Location: 11:00

zAndreas - Winner!

  • Race: Protoss Protoss
  • Spawn Location: 5:00

SolBraves - Winner!

  • Race: Terran Terran
  • League: Gold
  • Spawn Location: 5:00

Hardware - Winner!

  • Race: Zerg Zerg
  • Spawn Location: 6:00

VOD

Have the link to the VOD?

Description

Time

  • Played on: July 2, 2025, 10:15 p.m.
  • Length: 8:17
Show
View Real Time Build Order
Export as new Build Order

DrFill Terran 

Build Orders: 2 Factory, Hellion Opening 

Get SALT Encoding   

  12  0:00  SCV  
  13  0:12  SCV  
  14  0:20  Supply Depot  
  14  0:25  Refinery  
  14  0:28  SCV  
  15  0:42  SCV  
  16  0:48  Barracks  
  16  0:54  SCV  
  17  1:06  SCV  
  19  1:18  SCV  
  19  1:37  Orbital Command  
  19  1:40  Factory  
  19  1:49  Barracks Reactor  
  19  2:03  Command Center  
  19  2:06  SCV  
  20  2:15  Supply Depot  
  20  2:19  SCV  
  21  2:24  Hellion  
  23  2:32  Factory  
  23  2:36  SCV  
  24  2:44  Barracks Tech Lab, Refinery  
  24  2:52  SCV  
  24  2:55  Hellion  
  24  2:56  Hellion  
  29  3:04  SCV  
  30  3:16  SCV  
  30  3:17  Hellion  
  33  3:22  Orbital Command  
  33  3:28  SCV  
  34  3:43  Orbital Command  
  33  3:54  SCV  
  34  3:57  Hellion x2  
  38  4:04  Cyclone  
  38  4:06  SCV  
  42  4:12  SCV  
  42  4:14  Infernal Pre-Igniter  
  35  4:44  SCV x2  
  33  4:48  Hellion x2  
  37  4:56  SCV x2  
  31  5:08  Cyclone  
  31  5:10  Hellion x2  
  31  5:11  SCV  
  31  5:12  SCV  
  40  5:23  SCV  
  40  5:26  SCV  
  42  5:32  Hellion x2  
  42  5:33  Factory  
  46  5:37  Mag-Field Accelerator  
  46  5:44  Supply Depot  
  46  5:47  Supply Depot  
  46  6:06  Cyclone, Hellion x2, SCV  
  46  6:08  SCV  
  52  6:18  SCV  
  46  6:20  Factory Tech Lab, SCV  
  46  6:24  Engineering Bay  
  43  6:27  Widow Mine x2  
  43  6:33  Armory  
  43  6:38  Command Center  
  43  6:43  Cyclone  
  46  6:48  SCV x2  
  46  6:51  Cyclone  
  46  6:53  Widow Mine  
  53  7:00  SCV  
  53  7:01  SCV  
  55  7:06  Refinery  
  55  7:08  Refinery  
  55  7:10  Missile Turret  
  55  7:12  SCV  
  55  7:13  Missile Turret x2  
  56  7:21  Cyclone  
  59  7:23  Cyclone  
  59  7:27  Hellion  
  59  7:34  SCV  
  59  7:35  Hellion, SCV  
  53  7:46  Factory  
  53  7:47  Factory  
  53  7:49  Hellion  
  55  7:55  Widow Mine  
  55  7:56  Widow Mine  
Show
View Real Time Build Order
Export as new Build Order

MacReady Protoss 

Build Orders: Oracle Opening, Phoenix Opening 

Get SALT Encoding   

  12  0:01  Probe  
  13  0:13  Pylon  
  13  0:17  Probe  
  14  0:30  Probe  
  14  0:33  Gateway  
  15  0:41  Assimilator  
  15  0:42  Probe  
  16  0:50  Probe  
  16  0:53  Assimilator  
  17  0:58  Probe  
  18  1:07  Forge  
  18  1:11  Probe  
  19  1:20  Cybernetics Core  
  19  1:23  Probe  
  20  1:35  Probe  
  21  1:43  Photon Cannon  
  21  1:47  Probe  
  22  1:59  Pylon, Probe  
  23  2:03  Stargate  
  23  2:17  Probe  
  23  2:19  Photon Cannon  
  24  2:34  Stargate  
  24  2:35  Probe  
  25  2:45  Oracle  
  28  2:59  Probe  
  28  3:00  Pylon  
  29  3:15  Nexus  
  29  3:26  Phoenix  
  31  3:50  Phoenix  
  31  3:51  Probe  
  34  3:58  Phoenix  
  34  4:02  Assimilator  
  36  4:03  Probe  
  37  4:16  Probe  
  38  4:20  Photon Cannon  
  38  4:28  Probe  
  39  4:35  Phoenix x2  
  43  4:40  Probe  
  44  4:45  Probe  
  44  4:52  Probe  
  46  4:58  Probe  
  47  5:10  Phoenix x2  
  49  5:35  Fleet Beacon  
  49  5:38  Nexus  
  49  5:44  Protoss Air Weapons Level 1  
  49  6:06  Probe x2  
  49  6:07  Pylon  
  49  6:08  Pylon, Assimilator  
  49  6:10  Pylon  
  51  6:15  Anion Pulse-Crystals  
  51  6:18  Probe x2  
  53  6:27  Phoenix  
  53  6:30  Probe  
  53  6:31  Probe  
  57  6:43  Probe x2  
  44  6:55  Probe  
  43  7:02  Probe  
  43  7:07  Probe  
  45  7:08  Phoenix x2  
  45  7:14  Probe  
  46  7:36  Phoenix x2  
Show
View Real Time Build Order
Export as new Build Order

Crazyandy Zerg 

Build Orders: Hatch First 

Get SALT Encoding   

  12  0:01  Drone  
  13  0:13  Overlord  
  13  0:18  Drone  
  14  0:31  Drone x2  
  16  0:36  Drone  
  17  0:54  Hatchery, Drone  
  17  0:57  Extractor  
  16  1:11  Spawning Pool  
  15  1:14  Drone  
  15  1:18  Drone  
  17  1:23  Drone  
  18  1:34  Drone  
  19  1:42  Overlord  
  19  1:58  Queen  
  19  1:59  Metabolic Boost  
  21  2:07  Queen  
  23  2:08  Zergling x2  
  24  2:17  Drone x2  
  24  2:22  Drone x2  
  28  2:29  Drone x2  
  30  2:35  Drone  
  31  2:40  Drone  
  32  2:46  Overlord  
  32  2:55  Drone  
  32  2:56  Drone  
  34  3:01  Overlord  
  34  3:07  Zergling x4  
  34  3:08  Zergling x4  
  38  3:16  Spine Crawler  
  37  3:23  Queen  
  37  3:24  Overlord  
  37  3:26  Zergling x4  
  41  3:39  Zergling x4  
  42  3:42  Lair  
  42  3:48  Drone x3  
  45  3:58  Hatchery  
  45  3:59  Drone x7  
  49  4:12  Evolution Chamber  
  49  4:14  Zergling x2  
  49  4:16  Zergling x2  
  48  4:27  Zergling x2  
  48  4:28  Overlord  
  45  4:31  Queen  
  45  4:32  Extractor, Zergling x2  
  45  4:33  Extractor  
  45  4:35  Drone x6  
  52  4:48  Baneling Nest  
  52  4:49  Drone x3  
  54  5:01  Zergling x2  
  54  5:02  Zergling x8  
  58  5:07  Zergling x2  
  58  5:13  Zerg Melee Weapons Level 1  
  59  5:19  Drone x2  
  61  5:25  Drone  
  61  5:26  Drone x2  
  64  5:32  Drone  
  64  5:33  Drone x4  
  69  5:42  Drone  
  70  5:45  Drone  
  70  5:46  Drone  
  70  5:47  Drone x2  
  74  5:50  Extractor  
  74  5:51  Extractor  
  74  5:52  Drone  
  74  5:53  Overlord, Infestation Pit  
  74  5:54  Overlord x6  
  70  6:12  Overlord x2  
  70  6:13  Overlord, Drone  
  70  6:14  Drone  
  71  6:20  Drone  
  71  6:21  Extractor, Drone x4, Evolution Chamber  
  74  6:30  Hive  
  74  6:36  Drone  
  74  6:37  Drone x7  
  77  6:47  Drone  
  75  6:55  Zergling x6  
  75  6:56  Zergling x6  
  75  6:59  Zergling x2  
  75  7:00  Zergling x2  
  83  7:03  Zergling x2  
  83  7:04  Centrifugal Hooks  
  83  7:07  Zergling x2  
  83  7:08  Zergling x4  
  87  7:13  Zergling x2  
  87  7:14  Zergling x2  
  87  7:15  Spire  
  88  7:19  Spore Crawler  
  87  7:23  Spore Crawler  
  87  7:24  Spore Crawler  
  87  7:25  Zergling x2  
  87  7:26  Zergling x10  
  89  7:32  Zergling x2  
  81  7:39  Zergling x10  
  81  7:42  Zergling x2  
  75  7:52  Spore Crawler  
  75  7:53  Drone  
  75  7:56  Zergling x2  
  75  7:57  Zergling x8  
Show
View Real Time Build Order
Export as new Build Order

zAndreas Protoss - Winner!

Build Orders: Oracle Opening, Phoenix Opening 

Get SALT Encoding   

  12  0:00  Probe  
  13  0:12  Probe  
  14  0:17  Pylon  
  14  0:24  Probe  
  15  0:34  Probe  
  15  0:39  Gateway  
  15  0:42  Probe  
  16  0:47  Assimilator  
  17  0:51  Probe  
  18  0:57  Assimilator  
  18  1:02  Probe  
  19  1:09  Pylon  
  19  1:10  Probe  
  20  1:18  Probe  
  21  1:29  Probe  
  21  1:31  Cybernetics Core  
  22  1:41  Probe  
  23  1:53  Probe  
  24  2:00  Zealot  
  26  2:09  Stargate  
  26  2:22  Nexus  
  26  2:26  Pylon  
  26  2:38  Probe  
  26  2:40  Zealot  
  29  2:49  Oracle  
  29  2:57  Forge  
  29  3:00  Probe  
  33  3:15  Probe  
  34  3:21  Pylon  
  34  3:33  Phoenix  
  36  3:36  Stargate  
  34  3:49  Probe  
  34  3:51  Assimilator  
  35  3:55  Assimilator  
  35  3:58  Phoenix  
  35  4:01  Probe  
  38  4:03  Photon Cannon  
  38  4:13  Probe  
  39  4:27  Probe, Phoenix  
  42  4:37  Phoenix  
  44  4:44  Probe  
  42  4:46  Pylon  
  42  4:53  Phoenix  
  42  4:55  Fleet Beacon  
  42  4:56  Pylon  
  44  5:07  Phoenix  
  46  5:16  Photon Cannon  
  46  5:24  Photon Cannon  
  46  5:27  Probe, Anion Pulse-Crystals  
  46  5:28  Probe  
  48  5:40  Probe  
  49  5:50  Phoenix  
  51  6:01  Phoenix  
  53  6:15  Phoenix  
  55  6:22  Probe  
  55  6:26  Probe, Phoenix  
  55  6:30  Stargate  
  60  6:40  Probe  
  60  6:41  Phoenix  
  62  6:53  Phoenix  
  64  6:59  Probe  
  65  7:03  Probe  
  66  7:11  Probe  
  67  7:30  Phoenix  
  70  7:37  Probe  
  76  8:02  Pylon  
  74  8:13  Nexus  
Show
View Real Time Build Order
Export as new Build Order

SolBraves Terran - Winner!

Build Orders:  

Get SALT Encoding   

  12  0:02  SCV  
  13  0:17  SCV  
  13  0:18  Supply Depot  
  14  0:29  SCV  
  15  0:39  Refinery  
  15  0:41  Barracks  
  15  0:45  SCV  
  16  0:59  Barracks  
  16  1:03  SCV  
  17  1:24  Barracks  
  17  1:25  SCV  
  18  1:29  Reaper  
  19  1:39  Orbital Command  
  19  1:47  Refinery  
  19  1:57  Supply Depot  
  19  1:59  Reaper  
  20  2:03  Reaper  
  21  2:19  Reaper  
  22  2:23  SCV  
  23  2:32  Reaper  
  24  2:40  Reaper  
  25  2:47  Supply Depot  
  25  2:54  Reaper  
  26  2:59  SCV  
  27  3:09  Reaper  
  27  3:11  SCV  
  29  3:15  Reaper  
  29  3:17  Command Center  
  30  3:24  SCV  
  25  3:58  Factory  
  25  4:07  Reaper x2  
  25  4:32  Orbital Command  
  25  4:36  Refinery  
  24  4:38  Engineering Bay  
  24  4:40  SCV  
  24  4:42  Factory  
  25  4:51  Factory Tech Lab  
  25  4:52  SCV, Factory  
  26  5:00  SCV  
  26  5:04  SCV  
  26  5:06  Missile Turret  
  28  5:12  SCV  
  29  5:20  Missile Turret  
  29  5:23  SCV  
  29  5:24  SCV  
  30  5:29  Factory Tech Lab  
  30  5:30  Mag-Field Accelerator  
  30  5:31  Cyclone  
  30  5:35  SCV  
  33  5:40  Missile Turret  
  33  5:42  Missile Turret  
  33  5:44  Supply Depot  
  33  5:47  SCV  
  33  5:48  SCV  
  35  5:50  Missile Turret  
  35  5:51  Cyclone  
  35  5:52  Factory Tech Lab  
  38  5:58  Marine  
  38  5:59  Supply Depot, Marine  
  39  6:19  SCV  
  39  6:20  SCV  
  39  6:21  Cyclone x2  
  46  6:32  SCV  
  47  6:35  Refinery  
  47  6:39  Cyclone  
  50  6:43  SCV  
  50  6:47  SCV  
  52  6:49  Command Center  
  52  6:55  SCV  
  52  6:58  Supply Depot  
  52  6:59  SCV  
  54  7:07  SCV  
  55  7:11  Cyclone x2, SCV  
  62  7:19  SCV  
  63  7:23  Supply Depot, SCV  
  73  7:59  Factory  
  73  8:01  Factory  
Show
View Real Time Build Order
Export as new Build Order

Hardware Zerg - Winner!

Build Orders: Pool First 

Get SALT Encoding   

  12  0:01  Drone  
  13  0:09  Extractor  
  13  0:12  Drone  
  13  0:21  Overlord  
  13  0:29  Drone  
  14  0:44  Spawning Pool  
  14  0:48  Drone  
  14  0:54  Drone  
  15  0:59  Drone  
  17  1:04  Drone  
  17  1:13  Evolution Chamber  
  17  1:15  Drone  
  17  1:23  Drone  
  18  1:33  Drone  
  18  1:38  Zerg Melee Weapons Level 1  
  19  1:42  Drone  
  20  1:49  Metabolic Boost  
  20  1:53  Overlord  
  20  2:06  Queen  
  22  2:16  Zergling x4  
  24  2:26  Zergling x2  
  25  2:36  Zergling x2  
  26  2:45  Hatchery  
  26  2:46  Zergling x2  
  26  2:57  Zergling x2  
  27  3:09  Queen  
  27  3:11  Zergling x2  
  30  3:18  Overlord  
  30  3:29  Hatchery  
  30  3:30  Zergling x2  
  30  3:39  Zergling x4  
  32  3:43  Zergling x2  
  33  3:58  Zergling x4  
  35  4:04  Zergling x6  
  35  4:08  Zergling x2  
  35  4:14  Zergling x2  
  32  4:19  Zergling x2  
  32  4:21  Zergling x4  
  32  4:24  Zerg Ground Armor Level 1  
  34  4:34  Drone  
  34  4:36  Lair  
  35  4:43  Baneling Nest  
  33  4:48  Zergling x4  
  33  4:52  Drone  
  36  4:53  Extractor  
  31  5:06  Zergling x8  
  28  5:15  Spine Crawler  
  28  5:17  Zergling x2  
  28  5:19  Drone  
  29  5:24  Zergling x2  
  30  5:32  Drone x2  
  32  5:37  Drone  
  32  5:38  Drone  
  34  5:46  Spore Crawler  
  32  5:51  Spore Crawler  
  32  5:52  Overlord  
  29  6:02  Zergling x6  
  32  6:10  Zergling x4  
  34  6:12  Drone  
  34  6:13  Drone  
  36  6:18  Zergling x2  
  36  6:19  Zergling x2  
  36  6:24  Drone x2  
  40  6:29  Centrifugal Hooks  
  40  6:34  Baneling  
  40  6:35  Baneling x3  
  40  6:40  Overlord  
  40  6:45  Spore Crawler  
  39  6:54  Overlord  
  39  7:00  Zergling x4  
  42  7:01  Drone  
  42  7:10  Overlord x2  
  42  7:16  Drone x3  
  42  7:20  Baneling x3  
  45  7:28  Zergling x10  
  45  7:39  Zergling x4  
  45  7:42  Zergling x6  
  48  7:45  Zergling x2  
  48  7:54  Zergling x4  
  48  7:55  Zergling x4  
Tags
 
Add a new tag
Caveats
  • Supply blocks, unpowered buildings, or Contaminate may cause inaccurate times.
  • Supply counts are checked every 10 seconds.